AoeStats
← Get Rich @ Hex.com

Arabia

509729129Analyzed
3v3 RM · 5d ago on Sep 27, 2026· 20m 34s· 6 players
Game mode
Random Map
Map size
Normal (6 player)
Population
200
Speed
Normal
Resources
Standard
Victory
Conquest
Starting age
Dark Age
Ending age
Imperial Age
RankedLock teamsTeams togetherTeam positionsShared explorationLock speedFull tech treeHidden civsTurbo modeCheats
Victory
Defeat
🇦🇷 Varangians · Argentina
1216
+7
🇨🇱 Khmer · Chile
1146
+9
🇨🇱 Magyars · Chile
665
+28
🇺🇸 Bohemians · United States
1018
-16
🇺🇸 Persians · United States
956
-14
🇺🇸 Vikings · United States
956
-14
jussilliman
2:44 Loom
9:40 Feudal Age
19:30 Castle Age
Blondie
3:47 Loom
12:26 Feudal Age
13:17 Double-Bit Axe
13:13 Horse Collar
19:55 Castle Age
Get Rich @ Hex.com
0:26 Loom
13:01 Feudal Age
17:42 Castle Age
16:44 Bloodlines
19:55 Scale Barding Armor
mertndolan7564
6:48 Loom
9:00 Feudal Age
17:05 Horse Collar
17:56 Fletching
19:41 Padded Archer Armor
MartyIgnacio
7:36 Loom
9:58 Feudal Age
13:58 Castle Age
12:30 Double-Bit Axe
17:28 Horse Collar
21:00 Scale Barding Armor
Eman3007
7:02 Loom
9:24 Feudal Age
10:13 Double-Bit Axe
13:30 Horse Collar
14:49 Bloodlines
16:59 Scale Barding Armor
18:28 Wheelbarrow
20:05 Forging
22:44 Castle Age
Connection lost

Rejoining the realm…

Still unreachable

The connection could not be restored.

Session expired

The server has moved on; the page needs a fresh start.